Map: Triton LE

Players

puCK (Nina) - Winner!

  • Race: Protoss Protoss
  • League: Grandmaster
  • Spawn Location: 5:00

Epic

  • Race: Terran Terran
  • League: Master
  • Spawn Location: 11:00

Event: Cheeseadelphia XI, Cheeseadelphia XI

VOD

Have the link to the VOD?

Description

Time

  • Played on: Dec. 14, 2019, 2:54 p.m.
  • Length: 9:46

All games in this series

Show
View Real Time Build Order
Export as new Build Order

puCK Protoss - Winner!

Build Orders: 1 Gate Expand, Colossus Rush 

Get SALT Encoding   

  12  0:00  Probe  
  13  0:12  Probe  
  14  0:18  Pylon  
  14  0:25  Probe  
  15  0:37  Probe (Chrono Boost)  
  15  0:38  Gateway  
  16  0:48  Probe (Chrono Boost)  
  17  0:50  Assimilator  
  17  0:53  Probe (Chrono Boost)  
  18  1:03  Probe  
  19  1:15  Probe  
  20  1:25  Cybernetics Core  
  20  1:35  Nexus  
  20  1:38  Probe  
  21  1:46  Pylon  
  21  1:50  Probe  
  22  1:54  Assimilator  
  22  2:01  Adept (Chrono Boost)  
  22  2:02  Probe  
  22  2:05  Warp Gate  
  25  2:15  Probe  
  26  2:21  Pylon  
  26  2:24  Stalker  
  26  2:27  Probe  
  29  2:40  Gateway  
  29  2:46  Gateway  
  29  2:48  Probe  
  30  2:52  Probe  
  31  2:59  Stalker  
  31  3:02  Probe  
  34  3:14  Probe (Chrono Boost)  
  34  3:15  Probe (Chrono Boost)  
  34  3:19  Robotics Facility  
  34  3:25  Probe x2 (Chrono Boost)  
  36  3:29  Probe (Chrono Boost)  
  36  3:31  Probe  
  38  3:40  Probe  
  39  3:43  Probe  
  40  3:50  Pylon  
  40  3:52  Probe  
  40  3:53  Adept x3  
  47  3:55  Probe  
  48  4:06  Probe  
  49  4:12  Probe  
  49  4:16  Stalker x3  
  50  4:17  Assimilator  
  51  4:24  Probe x2  
  51  4:28  Robotics Bay, Assimilator  
  52  4:37  Probe  
  51  4:39  Warp Prism  
  51  4:42  Adept x3  
  51  4:44  Probe  
  60  4:49  Probe  
  60  4:50  Pylon  
  61  5:04  Probe  
  57  5:13  Disruptor (Chrono Boost)  
  57  5:16  Probe, Twilight Council  
  57  5:17  Gravitic Drive (Chrono Boost)  
  57  5:21  Sentry  
  62  5:22  Probe  
  62  5:23  Nexus  
  62  5:26  Pylon  
  62  5:27  Sentry  
  65  5:28  Probe  
  66  5:40  Probe  
  66  5:41  Pylon  
  67  5:47  Colossus  
  72  5:52  Probe  
  72  5:53  Probe  
  74  5:59  Gateway  
  74  6:00  Charge, Gateway  
  74  6:04  Probe  
  74  6:10  Zealot x3  
  81  6:11  Probe  
  82  6:24  Extended Thermal Lance  
  82  6:25  Gateway  
  82  6:27  Probe, Gateway  
  82  6:31  Sentry  
  85  6:35  Pylon  
  85  6:38  Zealot x2  
  85  6:39  Probe x2  
  91  6:44  Colossus (Chrono Boost)  
  91  6:49  Probe  
  91  6:51  Probe  
  99  6:55  Probe  
  100  7:02  Zealot x4  
  100  7:05  Pylon  
  108  7:10  Probe  
  108  7:11  Pylon  
  109  7:23  Templar Archives, Probe x2  
  109  7:24  Zealot  
  109  7:25  Zealot x2  
  117  7:35  Zealot x4  
  125  7:41  Blink  
  125  7:43  Forge  
  125  7:46  Probe  
  125  7:50  Pylon  
  125  7:52  Pylon x2  
  125  7:53  Pylon, Probe  
  125  7:56  Observer  
  125  7:59  Shield Battery  
  125  8:00  Shield Battery  
  125  8:02  Shield Battery  
  125  8:04  Shield Battery  
  125  8:09  High Templar x2  
  125  8:10  Zealot x3  
  135  8:19  Archon  
  135  8:20  High Templar x2  
  135  8:24  Archon  
  138  8:32  Zealot x3  
  98  8:42  Zealot x2  
  98  8:43  Probe  
  98  8:47  Colossus  
Show
View Real Time Build Order
Export as new Build Order

Epic Terran 

Build Orders:  

Get SALT Encoding   

  12  0:02  SCV  
  13  0:14  SCV  
  14  0:17  Supply Depot  
  14  0:26  SCV  
  15  0:39  SCV  
  15  0:40  Barracks  
  16  0:44  Refinery  
  16  0:51  SCV  
  17  1:03  SCV  
  18  1:15  SCV  
  19  1:27  Orbital Command, Marine  
  20  1:47  Command Center  
  20  1:48  Barracks Reactor  
  21  1:54  SCV  
  21  2:00  Supply Depot  
  21  2:08  Factory  
  21  2:11  SCV  
  22  2:18  Refinery  
  22  2:23  SCV  
  22  2:24  Marine  
  22  2:26  Marine  
  25  2:35  SCV  
  26  2:42  Marine  
  26  2:43  Marine  
  28  2:47  SCV  
  29  2:52  Widow Mine  
  29  2:53  Starport  
  31  2:59  Marine  
  31  3:01  Marine  
  31  3:02  SCV  
  32  3:14  Orbital Command  
  32  3:15  SCV  
  32  3:16  Widow Mine  
  32  3:17  Marine  
  32  3:19  Marine  
  36  3:27  SCV  
  36  3:32  Medivac  
  39  3:39  Barracks, Factory Tech Lab  
  39  3:41  SCV  
  40  3:42  SCV  
  41  3:49  Marine  
  41  3:50  Supply Depot, Marine  
  41  3:53  SCV  
  44  3:55  SCV  
  44  4:03  Siege Tank  
  44  4:08  SCV x2  
  45  4:11  Marine x2  
  45  4:16  Supply Depot  
  47  4:20  SCV x2  
  48  4:28  Barracks Tech Lab  
  47  4:32  Barracks  
  47  4:34  Marine x2  
  47  4:37  SCV x2  
  48  4:48  Stimpack  
  48  4:50  Siege Tank  
  51  4:53  SCV x2  
  51  4:54  Starport Reactor  
  51  4:56  Marauder, Marine  
  51  4:57  Marine  
  56  5:06  SCV x2  
  55  5:15  Engineering Bay, Supply Depot  
  55  5:17  Refinery, Marine x2  
  55  5:18  Marauder  
  55  5:20  Barracks Reactor  
  59  5:22  SCV  
  59  5:23  SCV  
  61  5:33  Supply Depot  
  61  5:34  SCV  
  62  5:37  SCV, Medivac, Siege Tank  
  68  5:46  SCV  
  68  5:48  Supply Depot, Marine  
  70  5:55  Marauder, Marine  
  70  5:56  Medivac, Marine x2  
  70  5:57  Supply Depot  
  77  6:06  Terran Infantry Weapons Level 1, Marine  
  77  6:10  Supply Depot  
  77  6:11  Supply Depot  
  78  6:13  Marine  
  78  6:14  Marine x2  
  78  6:16  Marine  
  80  6:19  SCV x2  
  80  6:23  Siege Tank  
  80  6:24  Marine  
  86  6:27  Refinery  
  86  6:30  Marine  
  87  6:33  SCV  
  87  6:34  SCV  
  87  6:35  Supply Depot  
  87  6:36  Marauder, Marine x2  
  93  6:40  Medivac  
  93  6:41  Marine  
  96  6:50  Medivac  
  96  6:53  Supply Depot  
  96  6:56  Supply Depot, Marine x3  
  96  6:58  Marauder  
  97  7:04  Combat Shield  
  97  7:11  Marine  
  97  7:13  Siege Tank, Marine  
  97  7:14  Marine x2  
  104  7:28  Barracks  
  104  7:29  Marauder  
  106  7:32  Barracks  
  106  7:34  SCV x2  
  107  7:41  Marine  
  107  7:42  Marine x3  
  111  7:45  Siege Tank  
  111  7:51  Marauder  
  116  7:53  Medivac x2  
  120  7:59  Marine  
  121  8:11  Marine x4  
  123  8:17  Marine  
  123  8:19  Siege Tank  
  124  8:20  Marine x2  
  125  8:29  Marine x4  
  103  8:35  Marine  
  103  8:37  Marine  
  103  8:38  Marine  
  79  8:46  Marine x2  
  79  8:48  Marauder  
  75  8:49  Viking  
Tags
 
Add a new tag
Caveats
  • Supply blocks, unpowered buildings, or Contaminate may cause inaccurate times.
  • Supply counts are checked every 10 seconds.